 Dungeon Crawl Stone Soup version 0.26-a0-597-gb535b0901c (webtiles) character file.

Game seed: 1009421264357993887

77 Alarkh the Insei (level 4, 35/35 HPs)
             Began as a Demonspawn Gladiator on Sept 15, 2020.
             Got out of the dungeon alive.
             The game lasted 00:01:40 (1895 turns).

Alarkh the Insei (Demonspawn Gladiator)             Turns: 1895, Time: 00:01:40

Health: 35/35      AC:  4    Str: 14    XL:     4   Next: 14%
Magic:  4/4        EV: 12    Int: 11    God:
Gold:   20         SH:  0    Dex: 14    Spells: 3/3 levels left

rFire    . . .     SeeInvis .     - Unarmed
rCold    . . .     Faith    .   (no shield)
rNeg     . . .     Spirit   .   a - +0 leather armour
rPois    .         Reflect  .   b - +0 helmet
rElec    .         Harm     .   (no cloak)
rCorr    .                      (no gloves)
MR       .....                  (no boots)
Stlth    +.........             (no amulet)
HPRegen  0.11/turn              (no ring)
MPRegen  0.09/turn              (no ring)

@: no status effects
A: demonic guardian 1, spiny 1
a: no special abilities


You escaped.
You visited 1 branch of the dungeon, and saw 2 of its levels.

You collected 20 gold pieces.

Inventory:

Missiles
 c - 3 throwing nets (quivered)
Armour
 a - a +0 leather armour (worn)
 b - a +0 helmet (worn)
Scrolls
 d - 3 scrolls of enchant weapon {unknown}
 e - a scroll of teleportation {unknown}
 h - a scroll of remove curse {unknown}


   Skills:
 + Level 3.0 Fighting
 - Level 1.7 Throwing
 - Level 2.6 Dodging
 * Level 4.0 Unarmed Combat


You had 3 spell levels left.
You didn't know any spells.
Your spell library was empty.

Dungeon Overview and Level Annotations

Branches:
Dungeon (2/15)

Altars:
Gozag


Innate Abilities, Weirdness & Mutations

A weak demonic guardian rushes to your aid.
You are partially covered in sharp spines.


Message History

No target in view!
No target in view!
No target in view!
No target in view!
No target in view!
No target in view!
No target in view!
(D) Dungeon
Where to? (Enter - D:2 @ (x,y), ? - help)
There is a stone staircase leading up here.
You climb upwards.
There is a stone staircase leading down here.
Unknown command.
HP restored.
There is an open door here.
You open the door.
There is an open door here.
There is a staircase leading out of the dungeon here.
Are you sure you want to leave the Dungeon?
This will make you lose the game!
You have escaped!

## #...##.###...###.#####......
#...#.## #...# ##.# ###....
#)..#.# ##+## #.######.###
#>.##.# #...# #.##.......'
#..#.#####...#####.#.###.###
#..#.#≈≈.#...#.≈≈#.#.# #..##
######..#.#≈≈.#...#.≈≈#.#.# ##.##
.....#..#.#≈..#...#..≈#.#.####...
......[...'≈..'.@.'..≈#.)........
......#.#.#≈..#...#..≈#.#..###...
......#.#.#≈≈.#...#.≈≈#.#........
.....##.#.#≈≈.#...#.≈≈#.#........
.....##.#.#####[..#####.#........
.....##.##.# #...# #.##......##
###..##.##.# ##'## #.#.......##
##..#.##.## #...# ##.#.#.....##
##...###.###...###.##.#.....#


There were no monsters in sight!

Vanquished Creatures
  2 adders (D:2)
  An ooze (D:1)
  3 worms (D:2)
  3 dart slugs (D:2)
  6 bats
  A giant cockroach (D:1)
  2 goblins (D:1)
  7 hobgoblins
  3 jackals (D:2)
  3 frilled lizards
  5 kobolds
  5 rats
41 creatures vanquished.

Notes
Turn   | Place    | Note
-------+----------+-------------------------------------------
     0 | D:1      | Alarkh the Demonspawn Gladiator began the quest for the
                  | Orb.
     0 | D:1      | Reached XP level 1. HP: 16/16 MP: 1/1
   120 | D:1      | Reached skill level 3 in Unarmed Combat
   125 | D:1      | Gained mutation: You are partially covered in sharp spines.
                  | [demonic ancestry]
   125 | D:1      | Reached XP level 2. HP: 9/22 MP: 2/2
   868 | D:2      | Reached XP level 3. HP: 28/28 MP: 3/3
  1401 | D:2      | Found an opulent altar of Gozag.
  1591 | D:2      | Reached skill level 4 in Unarmed Combat
  1612 | D:2      | Gained mutation: A weak demonic guardian rushes to your
                  | aid. [demonic ancestry]
  1612 | D:2      | Reached XP level 4. HP: 10/35 MP: 4/4
  1895 | D:$      | Got out of the dungeon alive.

Illustrated notes

Levels and vault maps discovered:
D:1:      dpeg_arrival_yet_another_circle, layout_basic
D:2:      layout_loops_ring, grunt_gozag_breadcrumbs,
          nicolae_overflow_hidden_temple, minmay_pentomino_s4, uniq_sigmund

Skill      XL: |  1  2  3 |
---------------+----------+-----
Unarmed Combat | 3 4 |  4.0
Fighting       | 3 |  3.0
Throwing       | |  1.7
Dodging        | |  2.6

Action                   |  1- 3 |  4- 6 || total
-------------------------+-------+-------++-------
Melee: Unarmed           |   124 |     2 ||   126
  Use: Potion            |     2 |       ||     2
Armor: Leather armour    |    34 |     2 ||    36
Dodge: Dodged            |    61 |     3 ||    64

Table legend: (Time is in decaauts)
 A = Elapsed time spent in this place.
 B = Non-inter-level travel time spent in this place.
 C = Inter-level travel time spent in this place.
 D = Time resting spent in this place.
 E = Time spent auto-exploring this place.
 F = Levels seen in this place.
 G = Mean time per level.
                   A        B        C        D        E       F      G
               +--------+--------+--------+--------+--------+-----+--------+
         Total |   1888 |   1755 |    133 |    849 |    660 |   2 |  944.0 |
       Dungeon |   1888 |   1755 |    133 |    849 |    660 |   2 |  944.0 |
               +--------+--------+--------+--------+--------+-----+--------+

Top non-repeatable levels by time:
     D:1: 1048 daAuts
     D:2: 840 daAuts
